Map: Cactus Valley LE (Void)

Players

스타투흥해라

  • Race: Zerg Zerg
  • League: Diamond
  • Spawn Location: 7:00

TheMagician - Winner!

  • Race: Protoss Protoss
  • League: Diamond
  • Spawn Location: 1:00

VOD

Have the link to the VOD?

Description

Time

  • Played on: Feb. 16, 2017, 12:41 a.m.
  • Length: 26:42
Show
View Real Time Build Order
Export as new Build Order

스타투흥해라 Zerg 

Build Orders: Hatch First 

Get SALT Encoding   

  12  0:02  Drone  
  13  0:09  Drone  
  14  0:17  Overlord  
  14  0:22  Extractor  
  14  0:23  Drone  
  15  0:35  Drone  
  15  0:36  Drone  
  17  0:45  Drone  
  18  0:59  Hatchery  
  17  1:10  Spawning Pool  
  16  1:12  Extractor  
  16  1:14  Drone  
  16  1:18  Drone  
  17  1:22  Drone  
  18  1:28  Overlord  
  18  1:57  Queen  
  18  1:58  Zergling x4  
  22  2:05  Drone  
  23  2:12  Queen  
  23  2:13  Drone  
  23  2:15  Metabolic Boost  
  26  2:17  Drone  
  27  2:24  Drone  
  27  2:27  Drone  
  29  2:35  Drone x2  
  31  2:43  Overlord  
  31  2:45  Drone  
  32  2:52  Lair  
  32  2:54  Drone  
  32  2:55  Extractor  
  32  2:58  Zergling x2  
  32  3:05  Zergling x2, Drone x2  
  35  3:06  Drone  
  35  3:16  Roach Warren  
  35  3:18  Drone x2  
  36  3:21  Drone x2  
  36  3:24  Drone  
  39  3:29  Drone  
  39  3:30  Overlord  
  40  3:38  Drone  
  40  3:40  Evolution Chamber  
  40  3:44  Extractor, Drone  
  40  3:46  Queen  
  42  3:49  Overseer  
  42  3:55  Glial Reconstitution  
  42  3:57  Roach  
  42  3:58  Drone  
  42  3:59  Drone  
  42  4:02  Zergling x2  
  47  4:03  Drone  
  47  4:05  Roach  
  47  4:07  Drone  
  51  4:19  Overlord  
  51  4:20  Drone  
  52  4:30  Hatchery  
  51  4:37  Overlord  
  51  4:38  Roach x2  
  55  4:41  Roach  
  55  4:44  Roach  
  59  4:48  Overlord  
  59  4:59  Roach x4  
  67  5:11  Roach x2  
  69  5:16  Roach x3  
  69  5:19  Roach  
  75  5:25  Roach  
  73  5:28  Drone, Queen  
  75  5:36  Zerg Missile Weapons Level 1  
  75  5:39  Pneumatized Carapace  
  75  5:41  Drone  
  76  5:45  Drone x2  
  78  5:52  Ravager x2  
  78  5:53  Ravager  
  78  5:54  Overlord  
  78  5:56  Drone  
  82  5:57  Overlord  
  82  6:11  Overlord  
  82  6:22  Queen  
  84  6:28  Roach  
  80  6:35  Roach  
  80  6:36  Roach x7  
  92  6:42  Roach x3  
  96  6:47  Roach  
  96  6:49  Drone  
  96  6:50  Drone  
  100  6:56  Roach  
  100  6:58  Queen x2  
  100  6:59  Drone x2  
  106  7:13  Overlord x2  
  106  7:20  Hydralisk Den  
  105  7:24  Spore Crawler  
  105  7:26  Spore Crawler  
  105  7:28  Spore Crawler  
  79  7:32  Spore Crawler x2  
  79  7:35  Spore Crawler  
  76  7:40  Spore Crawler  
  76  7:42  Drone x3  
  76  7:43  Spore Crawler  
  77  7:59  Drone  
  77  8:03  Extractor  
  77  8:13  Queen  
  77  8:24  Hydralisk x4  
  77  8:26  Muscular Augments  
  85  8:33  Hydralisk x3  
  91  8:34  Drone  
  91  8:35  Overlord  
  91  8:40  Spore Crawler  
  91  8:55  Hydralisk x3  
  91  8:56  Hydralisk  
  91  9:01  Hatchery  
  94  9:17  Hydralisk  
  94  9:19  Overlord  
  94  9:20  Drone x6  
  102  9:29  Hydralisk  
  102  9:30  Hydralisk  
  102  9:43  Hydralisk  
  102  9:44  Hydralisk  
  106  9:51  Hydralisk x2  
  110  10:01  Hydralisk  
  110  10:04  Hydralisk  
  114  10:14  Hydralisk x3  
  114  10:21  Queen  
  122  10:22  Drone  
  122  10:27  Hydralisk x2  
  125  10:30  Spore Crawler  
  114  10:48  Roach  
  114  10:49  Roach x5  
  115  11:06  Hydralisk Den  
  80  11:23  Spore Crawler  
  80  11:24  Roach x5, Spore Crawler  
  80  11:25  Roach  
  72  11:36  Hydralisk x4  
  80  11:45  Hydralisk x2  
  84  11:51  Extractor  
  84  11:52  Extractor  
  82  11:54  Hydralisk  
  82  11:59  Hydralisk  
  86  12:13  Hydralisk x2  
  86  12:14  Overlord  
  90  12:28  Hydralisk  
  90  12:42  Hydralisk x2  
  73  12:44  Drone x2  
  66  13:02  Hydralisk  
  66  13:03  Hydralisk  
  70  13:13  Hydralisk  
  52  13:37  Hydralisk x4  
  54  13:51  Hydralisk x2  
  56  13:59  Hydralisk  
  56  14:18  Hydralisk  
  56  14:19  Hydralisk  
  56  14:20  Drone  
  61  14:31  Hydralisk  
  61  14:32  Drone  
  64  14:40  Hydralisk  
  66  14:53  Hydralisk x2  
  68  15:10  Hydralisk x3  
  66  15:22  Hydralisk  
  68  15:40  Hydralisk x3  
  62  16:06  Hatchery  
  61  16:20  Hydralisk  
  63  16:28  Hydralisk  
  65  16:40  Spawning Pool  
  64  16:49  Hydralisk  
  66  16:54  Hydralisk  
  68  17:24  Hydralisk  
  68  17:25  Hydralisk x4  
  78  17:35  Drone x2  
  80  17:52  Queen  
  80  17:53  Drone x3  
  85  18:08  Lair  
  85  18:11  Queen  
  55  18:34  Hydralisk  
  55  18:35  Hydralisk x4  
  59  18:44  Spore Crawler  
  59  18:48  Spore Crawler  
  57  18:49  Spore Crawler  
  57  18:53  Hydralisk  
  54  19:13  Hydralisk x3  
  60  19:40  Spire  
  51  20:14  Hatchery  
  50  20:55  Corruptor x5  
  50  20:56  Corruptor x2  
  46  21:07  Corruptor  
  48  21:14  Zergling x2  
  47  21:37  Spore Crawler  
  46  21:43  Spore Crawler  
  37  22:14  Drone, Hatchery  
  37  22:21  Drone  
  39  22:41  Hydralisk x2  
  39  22:43  Zergling x4  
  39  22:44  Zergling x2  
  44  23:08  Hydralisk x2  
  48  23:19  Hydralisk  
  41  23:35  Drone  
  41  23:36  Drone  
  32  23:55  Drone  
  27  24:37  Zergling x2  
  27  24:38  Zergling x2  
  29  24:43  Zergling x2  
  30  24:55  Drone  
  31  25:04  Drone  
  30  25:26  Drone x2  
  31  25:40  Drone x2  
Show
View Real Time Build Order
Export as new Build Order

TheMagician Protoss - Winner!

Build Orders: Nexus First 

Get SALT Encoding   

  12  0:02  Probe (Chrono Boost)  
  13  0:13  Probe (Chrono Boost)  
  14  0:23  Probe (Chrono Boost)  
  14  0:28  Pylon  
  15  0:46  Probe (Chrono Boost)  
  17  0:57  Probe (Chrono Boost)  
  17  1:05  Nexus  
  17  1:15  Gateway  
  17  1:19  Probe (Chrono Boost)  
  18  1:30  Probe (Chrono Boost)  
  19  1:41  Probe (Chrono Boost)  
  19  1:44  Assimilator  
  20  1:47  Assimilator  
  20  1:57  Gateway  
  20  1:59  Probe (Chrono Boost)  
  21  2:08  Cybernetics Core  
  21  2:12  Probe (Chrono Boost)  
  23  2:22  Assimilator  
  23  2:23  Probe (Chrono Boost)  
  23  2:24  Probe (Chrono Boost)  
  23  2:27  Assimilator  
  24  2:33  Probe (Chrono Boost)  
  24  2:34  Probe (Chrono Boost)  
  26  2:44  Probe (Chrono Boost), Adept x2  
  27  2:48  Mothership Core (Chrono Boost)  
  33  2:54  Probe (Chrono Boost)  
  34  3:05  Pylon  
  34  3:11  Pylon  
  34  3:15  Adept x2  
  38  3:23  Probe x2 (Chrono Boost)  
  40  3:30  Pylon  
  40  3:37  Pylon  
  40  3:38  Probe (Chrono Boost)  
  42  3:41  Probe (Chrono Boost)  
  42  3:48  Adept  
  44  3:53  Adept  
  46  3:56  Probe (Chrono Boost)  
  46  3:59  Probe (Chrono Boost)  
  48  4:07  Probe (Chrono Boost)  
  49  4:10  Probe (Chrono Boost)  
  50  4:17  Probe (Chrono Boost)  
  50  4:21  Probe (Chrono Boost)  
  52  4:25  Stargate  
  52  4:28  Probe (Chrono Boost)  
  52  4:30  Stargate  
  53  4:35  Stargate  
  53  4:43  Pylon  
  53  4:45  Probe x2 (Chrono Boost)  
  55  4:55  Probe (Chrono Boost)  
  51  5:20  Forge  
  42  5:30  Oracle  
  42  5:31  Oracle x2  
  47  5:53  Photon Cannon  
  47  5:59  Photon Cannon  
  47  6:00  Photon Cannon  
  47  6:02  Oracle, Photon Cannon  
  47  6:05  Photon Cannon  
  47  6:06  Oracle x2  
  56  6:27  Photon Cannon  
  56  6:29  Photon Cannon  
  53  7:05  Pylon  
  53  7:06  Probe (Chrono Boost), Pylon  
  54  7:26  Void Ray x2  
  62  7:38  Pylon  
  62  7:50  Nexus  
  63  7:51  Probe (Chrono Boost)  
  63  8:03  Probe (Chrono Boost)  
  58  8:24  Void Ray x2  
  58  8:26  Void Ray  
  70  8:42  Assimilator  
  70  9:14  Probe (Chrono Boost)  
  70  9:16  Pylon  
  79  9:24  Probe (Chrono Boost)  
  78  9:36  Probe (Chrono Boost)  
  79  9:47  Probe (Chrono Boost)  
  79  9:50  Nexus  
  84  9:52  Pylon  
  84  9:57  Probe (Chrono Boost)  
  84  9:58  Oracle  
  85  10:03  Oracle x2  
  82  10:08  Probe (Chrono Boost)  
  84  10:38  Oracle  
  84  10:45  Nexus  
  49  11:32  Void Ray x3  
  61  11:42  Photon Cannon  
  61  11:48  Photon Cannon  
  61  11:52  Photon Cannon  
  61  11:55  Assimilator  
  61  12:01  Assimilator  
  61  12:03  Pylon  
  61  12:08  Photon Cannon  
  61  12:10  Nexus  
  61  12:12  Photon Cannon  
  61  12:13  Photon Cannon  
  61  12:14  Pylon  
  61  12:33  Void Ray  
  65  12:46  Probe (Chrono Boost)  
  65  12:51  Void Ray  
  70  12:56  Probe (Chrono Boost)  
  71  13:00  Probe (Chrono Boost)  
  72  13:07  Probe (Chrono Boost)  
  72  13:11  Probe (Chrono Boost)  
  72  13:12  Gateway  
  51  14:00  Oracle  
  51  14:01  Oracle  
  53  14:11  Probe (Chrono Boost)  
  53  14:16  Probe (Chrono Boost)  
  55  14:22  Probe (Chrono Boost)  
  52  14:26  Probe (Chrono Boost)  
  52  14:28  Oracle  
  56  14:32  Probe (Chrono Boost), Photon Cannon  
  56  14:35  Photon Cannon x2  
  56  14:36  Oracle, Pylon  
  56  14:37  Probe (Chrono Boost)  
  61  14:39  Probe (Chrono Boost)  
  62  14:46  Probe (Chrono Boost)  
  62  14:48  Probe (Chrono Boost)  
  62  14:50  Probe (Chrono Boost)  
  65  14:56  Probe (Chrono Boost), Pylon  
  65  14:57  Oracle  
  65  14:59  Probe (Chrono Boost)  
  70  15:00  Probe (Chrono Boost)  
  71  15:07  Probe (Chrono Boost)  
  71  15:11  Probe (Chrono Boost)  
  67  15:16  Oracle x2  
  73  15:22  Photon Cannon  
  73  15:23  Photon Cannon  
  73  15:49  Oracle  
  76  15:51  Oracle  
  79  16:04  Nexus  
  79  16:06  Pylon  
  79  16:10  Probe (Chrono Boost)  
  80  16:12  Probe (Chrono Boost)  
  80  16:13  Probe (Chrono Boost)  
  80  16:16  Oracle  
  85  16:21  Probe (Chrono Boost)  
  85  16:23  Probe (Chrono Boost)  
  83  16:34  Oracle  
  85  16:45  Nexus  
  85  16:46  Cybernetics Core  
  85  16:47  Oracle  
  85  16:52  Probe (Chrono Boost)  
  89  16:57  Pylon  
  89  17:03  Probe (Chrono Boost)  
  89  17:04  Oracle, Pylon  
  93  17:11  Assimilator  
  92  17:15  Assimilator  
  90  17:24  Mothership Core (Chrono Boost)  
  90  17:27  Oracle  
  90  17:29  Probe (Chrono Boost)  
  96  17:39  Probe (Chrono Boost)  
  96  17:40  Void Ray  
  101  18:06  Oracle  
  88  18:48  Nexus  
  88  18:51  Oracle x3  
  97  18:59  Nexus  
  97  19:01  Pylon  
  97  19:27  Oracle  
  100  20:04  Oracle x2  
  106  20:21  Oracle  
  106  20:28  Gateway  
  109  20:30  Gateway  
  109  20:32  Gateway  
  109  20:34  Gateway  
  107  20:36  Gateway  
  101  21:01  Probe (Chrono Boost)  
  102  21:12  Probe (Chrono Boost)  
  103  21:20  Void Ray x3  
  103  21:22  Probe (Chrono Boost), Assimilator  
  116  21:25  Assimilator  
  116  21:33  Probe (Chrono Boost)  
  125  21:41  Adept x2  
  125  21:42  Adept x3  
  125  21:43  Probe (Chrono Boost)  
  128  21:55  Photon Cannon  
  128  21:59  Photon Cannon  
  122  22:02  Photon Cannon  
  122  22:05  Photon Cannon  
  122  22:08  Adept, Photon Cannon  
  123  22:20  Void Ray  
  123  22:42  Void Ray  
  124  23:02  Nexus  
  120  23:36  Void Ray x3  
  123  24:02  Probe (Chrono Boost)  
  122  24:12  Probe (Chrono Boost)  
  122  24:15  Photon Cannon  
  122  24:18  Void Ray x2  
  122  24:19  Void Ray  
  134  24:52  Probe (Chrono Boost)  
  135  25:01  Void Ray x3  
  135  25:02  Probe x2 (Chrono Boost)  
  135  25:04  Probe (Chrono Boost)  
  150  25:12  Probe (Chrono Boost)  
  151  25:14  Probe (Chrono Boost)  
  151  25:19  Adept x4  
  151  25:20  Adept  
  162  25:25  Probe (Chrono Boost)  
  164  25:35  Probe (Chrono Boost)  
  164  25:46  Adept x3  
  164  25:47  Adept  
Tags
 
Add a new tag
Caveats
  • Supply blocks, unpowered buildings, or Contaminate may cause inaccurate times.
  • Supply counts are checked every 10 seconds.